 Dungeon Crawl Stone Soup version 0.25-b1-23-ge2ad7d536c (webtiles) character file.

Game seed: 3242679899972082927, levelgen mode: deterministic

1298 HoaS the Cruncher (level 8, -5/51 HPs)
             Began as a Gargoyle Gladiator on May 31, 2020.
             Was a Follower of Zin.
             Slain by an ice beast (11 damage)
             ... on level 5 of the Dungeon.
             The game lasted 00:09:28 (4275 turns).

HoaS the Cruncher (Gargoyle Gladiator)              Turns: 4275, Time: 00:09:28

Health: -5/51      AC: 13    Str: 21    XL:     8   Next: 56%
Magic:  10/10      EV: 10    Int:  8    God:    Zin [*.....]
Gold:   192        SH:  0    Dex: 11    Spells: 7/7 levels left

rFire    . . .     SeeInvis .   a - +0 quarterstaff
rCold    . . .     Gourm    .   (shield currently unavailable)
rNeg     + . .     Faith    .   v - +0 scale mail
rPois    ∞         Spirit   .   c - +0 helmet
rElec    +         Reflect  .   (no cloak)
rCorr    .         Harm     .   (no gloves)
MR       .....                  (no boots)
Stlth    ..........             (no amulet)
HPRegen  0.17/turn              (no ring)
MPRegen  0.12/turn              (no ring)

@: no status effects
A: negative energy resistance 1, electricity resistance, unbreathing,
petrification resistance, rot immunity, AC +5
a: Recite, Donate Gold, Renounce Religion


You were on level 5 of the Dungeon.
You worshipped Zin.
Zin was aware of your devotion.
You were near starving.

You visited 2 branches of the dungeon, and saw 7 of its levels.

You collected 213 gold pieces.
You donated 21 gold pieces to Zin.

Inventory:

Hand Weapons
 a - a +0 quarterstaff (weapon)
Missiles
 d - a throwing net (quivered)
Armour
 c - a +0 helmet (worn)
 v - a +0 scale mail (worn)
Jewellery
 o - an uncursed ring of wizardry {unknown}
 r - an uncursed ring of see invisible {unknown}
Wands
 q - a wand of paralysis (6)
 w - a wand of disintegration (15)
 y - a wand of iceblast (3)
Scrolls
 g - a scroll of enchant armour {unknown}
 i - 8 scrolls of identify {unknown}
 j - 4 scrolls of immolation {unknown}
 k - 5 scrolls of remove curse {unknown}
 n - a scroll of teleportation {unknown}
 s - a scroll of magic mapping {unknown}
Potions
 b - 2 potions of brilliance {unknown}
 e - 2 potions of stabbing {unknown}
 h - 2 potions of might {unknown}
 l - 5 potions of curing {unknown}
 m - 2 potions of flight {unknown}
 p - 2 potions of invisibility {unknown}
 t - a potion of mutation {unknown}
 u - a potion of heal wounds {unknown}
 x - a potion of degeneration {unknown}
 z - a potion of haste {unknown}
 A - a potion of lignification {unknown}
 B - 2 potions of cancellation {unknown}
Comestibles
 f - 10 rations


   Skills:
 + Level 6.1 Fighting
 * Level 8.1 Staves
 - Level 1.7 Throwing
 - Level 3.0 Armour
 - Level 2.4 Dodging
 + Level 2.9 Invocations


You had 7 spell levels left.
You didn't know any spells.
Your spell library contained the following spells:

 Spells                   Type           Power        Failure   Level  Hunger
 Magic Dart               Conj           #...         75%         1    ##.....
 Blink                    Tloc           N/A          87%         2    ###....
 Call Imp                 Summ           #.......     87%         2    ###....
 Slow                     Hex            #.......     87%         2    ###....
 Conjure Flame            Conj/Fire      #.......     98%         3    ####...
 Mephitic Cloud           Conj/Pois/Air  #.......     98%         3    ####...


Dungeon Overview and Level Annotations

Branches:
Dungeon (6/15)             Temple (1/1) D:4

Altars:
Ashenzari
Cheibriados
Dithmenos
Elyvilon
Fedhas
Gozag
Hepliaklqana
Makhleb
Nemelex Xobeh
Okawaru
Qazlal
Uskayaw
Vehumet
Wu Jian
Xom
Yredelemnul
Zin
The Shining One

Annotations:
D:4 exclusion: oklob plant


Innate Abilities, Weirdness & Mutations

You are resistant to torment.
Your stone body is resilient. (AC +5)
You are immune to poison.
You resist negative energy. (rN+)
You are resistant to electric shocks. (rElec)
You can survive without breathing.
You are immune to petrification.
You are immune to rotting.


Message History

A puff of flame appears from out of thin air!
The puff of flame hits you.
You bump into the rock wall.
Something hits you but does no damage.
The ice beast hits you but does no damage.
You bump into the rock wall.
Something hits you but does no damage.
The ice beast hits you but does no damage.
You bump into the rock wall.
Something hits you but does no damage.
The ice beast hits you but does no damage.
You hit the ice beast but do no damage.
The ice beast is severely wounded.
Something hits you but does no damage. The ice beast closely misses you.
You feel less confused. The ice beast hits you. The ice beast freezes you!
* * * LOW HITPOINT WARNING * * *
You hit the ice beast.
The ice beast is severely wounded.
Something hits you but does no damage. The ice beast hits you.
* * * LOW HITPOINT WARNING * * *
The ice beast freezes you!
You die...

......# #..≈≈≈≈≈≈≈.......#
..###.# ##.......≈≈.......#
..# #.###.......≈≈........#
..###............≈........#
.............#####..#.##..#
..#.##.......##....###...##
..#..........##.##..#.####
#####..>...(.##.##.#.##
..#.............@..###
..#..........##Y####
#.))###...#####.#
#)##....#.....[.#
#.##.##....######
.....##..#.# #.##.##.##.#
#.##.......# #.......####


You could see an ice beast.

Vanquished Creatures
  Pikel (D:4)
  Duvessa (D:5)
  3 ogres
  A big kobold (D:5)
  Dowan (D:5)
  A howler monkey (D:4)
  A bullfrog zombie (D:5)
  A hound (D:4)
  An orc wizard (D:5)
  3 worker ants
  A hound zombie (D:5)
  2 gnolls (D:4)
  7 adders
  An ooze (D:4)
  2 adder skeletons
  5 worms
  2 dart slugs
  3 leopard geckos
  4 orcs
  4 giant cockroaches
  4 goblins
  6 hobgoblins
  4 jackals (D:3)
  3 quokkas
  4 ball pythons
  3 bats
  A frilled lizard (D:3)
  7 kobolds
  A quokka skeleton (D:2)
  5 rats
83 creatures vanquished.

Vanquished Creatures (others)
  A gnoll (D:4)
  An adder zombie (D:5)
2 creatures vanquished.

Grand Total: 85 creatures vanquished

Notes
Turn   | Place    | Note
-------+----------+-------------------------------------------
     0 | D:1      | HoaS the Gargoyle Gladiator began the quest for the Orb.
     0 | D:1      | Reached XP level 1. HP: 12/12 MP: 1/1
   193 | D:1      | Reached XP level 2. HP: 18/18 MP: 2/2
   553 | D:1      | Reached skill level 1 in Armour
   733 | D:2      | Reached XP level 3. HP: 19/22 MP: 3/3
  1162 | D:2      | Reached skill level 4 in Staves
  1289 | D:2      | Reached XP level 4. HP: 27/27 MP: 4/4
  2073 | D:4      | Reached XP level 5. HP: 28/32 MP: 5/5
  2236 | D:4      | Noticed an ogre
  2243 | D:4      | Killed an ogre
  2243 | D:4      | Reached skill level 5 in Staves
  2243 | D:4      | Reached XP level 6. HP: 11/38 MP: 6/6
  2334 | D:4      | Noticed a slave
  2339 | D:4      | Noticed Pikel
  2341 | D:4      | Noticed a slave
  2358 | D:4      | Noticed a slave
  2363 | D:4      | Noticed a slave
  2382 | D:4      | Killed Pikel
  2382 | D:4      | Reached skill level 5 in Fighting
  2382 | D:4      | Reached skill level 6 in Staves
  2382 | D:4      | Reached XP level 7. HP: 22/44 MP: 7/7
  2850 | D:4      | Found a staircase to the Ecumenical Temple.
  2856 | Temple   | Entered the Ecumenical Temple
  3016 | Temple   | Became a worshipper of Zin the Law-Giver
  3016 | Temple   | Reached * piety under Zin
  3114 | D:4      | Found a blossoming altar of Fedhas.
  3127 | D:4      | Noticed an oklob plant
  3363 | D:5      | Entered Level 5 of the Dungeon
  3379 | D:4      | Reached skill level 7 in Staves
  3386 | D:5      | Noticed Duvessa
  3541 | D:5      | Reached skill level 1 in Invocations
  3550 | D:5      | Reached XP level 8. HP: 47/50 MP: 7/9
  4135 | D:5      | Noticed Dowan
  4161 | D:5      | Killed Duvessa
  4161 | D:5      | Reached skill level 8 in Staves
  4163 | D:5      | Killed Dowan
  4275 | D:5      | Slain by an ice beast

Illustrated notes

Levels and vault maps discovered:
D:1:      shiori_shiawase, layout_basic, grunt_decor_one_mirror
D:2:      layout_basic
D:3:      layout_rooms, first_ration
D:4:      layout_loops_ring, minmay_temple_entry_fiery, tgw_fedhas, uniq_pikel
D:5:      layout_loops_cross, lemuel_old_faithful, uniq_duvessa
D:6:      layout_rooms, old_standard_altar, cheibrodos_sewer_entry_sluice,
          gammafunk_ghost_hive, trog_wizard
Temple:   dpeg_five_rooms_temple

Skill      XL: |  1  2  3  4  5  6  7  8 |
---------------+-------------------------+-----
Armour         | 1 2 3 |  3.0
Staves         | 4 5 6 7 8 |  8.1
Fighting       | 3 5 6 |  6.1
Invocations    | 1 2 |  2.9
Throwing       | |  1.7
Dodging        | |  2.4

Action                   |  1- 3 |  4- 6 |  7- 9 || total
-------------------------+-------+-------+-------++-------
Melee: Quarterstaff      |    99 |   128 |   130 ||   357
Throw: Throwing net      |       |     4 |       ||     4
  Eat: Chunk             |     1 |     4 |     4 ||     9
Armor: Leather armour    |     6 |       |       ||     6
       Ring mail         |    34 |    24 |       ||    58
       Scale mail        |       |    45 |    95 ||   140
Dodge: Dodged            |    55 |    62 |    58 ||   175
